 Dungeon Crawl Stone Soup version 0.30-a0-23-ge60ba3568b (webtiles) character file.

Game seed: 6578452489936081708

66 Sobieck the Sneak (level 4, -2/23 HPs)
             Began as a Vine Stalker Brigand on Aug 25, 2022.
             Killed by divine providence
             ... invoked by an orc priest
              (13 damage)
             ... on level 2 of the Dungeon.
             The game lasted 00:03:12 (1659 turns).

Sobieck the Sneak (Vine Stalker Brigand)            Turns: 1659, Time: 00:03:13

Health: -2/23      AC:  3    Str: 13    XL:     4   Next: 15%
Magic:  0/5        EV: 11    Int: 11    God:
Gold:   131        SH:  0    Dex: 18    Spells: 3/3 levels left

rFire   . . .      SeeInvis .    a - +2 dagger {short}
rCold   . . .      Faith    .    (no shield)
rNeg    . . .      Spirit   +    u - +0 robe
rPois   .          Reflect  .    (no helmet)
rElec   .          Harm     .    c - +0 cloak
rCorr   +          Rampage  .    (no gloves)
Will    .....                    (no boots)
Stlth   +++.......               s - amulet of regeneration {@e2}
HPRegen 1.67/turn                m - ring of resist corrosion
MPRegen 0.09/turn                (no ring)

@: no status effects
A: fangs 2, regeneration 1, magic shield, antimagic bite, no potion heal 2
a: no special abilities


You were on level 2 of the Dungeon.
You visited 1 branch of the dungeon, and saw 3 of its levels.

You collected 131 gold pieces.


Innate Abilities, Weirdness & Mutations

You have extremely sharp teeth.
Your natural rate of healing is unusually fast.
When hurt, damage is shared between your health and your magic reserves.
Your bite disrupts and absorbs the magic of your enemies.
Potions cannot restore your health.


   Skills:
 - Level 1.7 Fighting
 * Level 3.7 Short Blades
 + Level 0.6 Ranged Weapons
 - Level 1.7 Throwing
 - Level 0.7 Dodging
 - Level 4.8 Stealth


You had 3 spell levels left.
You didn't know any spells.
Your spell library contained the following spells:

 Spells                   Type           Power      Damage    Failure   Level
 Ignite Poison            Fire/Tmut/Pois 0%         N/A       71%         3
 Mephitic Cloud           Conj/Pois/Air  0%         N/A       71%         3
 Fireball                 Conj/Fire      0%         3d3       100%        5
 Freezing Cloud           Conj/Ice/Air   0%         6-21      100%        5
 Starburst                Conj/Fire      0%         6d3       100%        6
 Ignition                 Fire           0%         3d3       100%        8

Inventory:

Hand Weapons
 a - a +2 dagger (weapon) {short}
 b - a +0 sling
   (You found it on level 2 of the Dungeon)
 h - a +1 mace of protection {mace}
   (You found it on level 1 of the Dungeon)
 o - a +0 short sword {short}
   (You found it on level 2 of the Dungeon)
Missiles
 d - 9 poisoned darts (quivered) {throwing}
 e - 3 curare-tipped darts {=fthrowing}
 q - 13 stones {throwing}
Armour
 c - a +0 cloak (worn)
 g - a +0 robe
   (You found it on level 1 of the Dungeon)
 t - a +0 robe
   (You found it on level 2 of the Dungeon)
 u - a +0 robe (worn)
Jewellery
 l - an amulet of reflection
   (You found it on level 1 of the Dungeon)
 m - a ring of resist corrosion (left hand)
   (You found it on level 1 of the Dungeon)
 s - an amulet of regeneration (around neck) {@e2}
   (You found it on level 2 of the Dungeon)
Wands
 v - a wand of paralysis (12)
   (You found it on level 3 of the Dungeon)
Scrolls
 i - 3 scrolls of poison {unknown}
 j - 2 scrolls of teleportation {unknown}
 k - 3 scrolls of identify {unknown}
 n - 2 scrolls of amnesia {unknown}
 p - 3 scrolls of vulnerability {unknown}
Potions
 f - a potion of flight {unknown}
 r - 2 potions of mutation {unknown}

Dungeon Overview and Level Annotations

Branches:
Dungeon (3/15) Zot: 16349

Altars:
Ashenzari
Xom

Annotations:
D:2 Natasha
D:3 Grinder

.....#.#...#..###..#
.......#####.....†####
...##..#..8#...###...#
.......#..#####......#
.....................#
...............#####†#
.........>....## #.#
..............######.#
..........>....o@b...#
...............h....##
....................#
......#.......#..####
......##.#####..##
.........# ###.##
........####...#
...####......###
...####......#


You could see an orc priest, Natasha and a bat.


Message History

You shoot a sling bullet. The sling bullet hits the orc!
You kill the orc!
You shoot a sling bullet.
The sling bullet closely misses the orc.
a - a +2 dagger (weapon)
{short} You hit the orc.
The orc misses you.
You barely miss the orc. Your bite misses the orc.
The orc hits you but does no damage.
You hit the orc. You bite the orc.
You kill the orc!
No target in view!
b - a +0 sling (weapon)
A ball python comes into view.
You hear the slow rusting of a very distant drain.
Danger!
You shoot a sling bullet. The ball python hisses angrily.
The sling bullet hits the ball python.
You kill the ball python!
No target in view!
No target in view!
v - a wand of paralysis (12) Unknown command.
Your movement speed is average.
Your attack delay is about 1.3.
Unknown command.
Unknown command.
A rat comes into view.
Danger!
You shoot a sling bullet.
The sling bullet hits the rat but does no damage.
You shoot a sling bullet. The sling bullet hits the rat.
You kill the rat!
No target in view!
You hear the slow rusting of a very distant drain.
Found a stone staircase leading down.
Found a stone staircase leading down.
Unknown command.
You now have 131 gold pieces (gained 8).
An orc priest comes into view. It is wielding a +0 club.
The orc priest shouts!
Danger!
You shoot a sling bullet.
The sling bullet barely misses the orc priest.
An orc comes into view. It is wielding a +0 flail.
You shoot a sling bullet.
The sling bullet closely misses the orc priest.
The orc shouts!
The sling bullet hits the orc but does no damage.
The orc priest mumbles some strange prayers to Beogh against you.
Beogh smites you!
Natasha, Servant of Life and Death comes into view.
Unknown command.
a - a +2 dagger (weapon)
{short} Unknown command.
Unknown command.
Unknown command.
Danger!
Unknown command.
The orc hits you with a +0 flail!
You closely miss the orc.
Natasha enters a dispersal trap!
The orc blinks!
The orc priest blinks!
The orc blinks! x2
You blink.
A bat comes into view.
Found 8 gold pieces.
Found a stone staircase leading up.
Natasha blinks!
The orc priest looks encouraged for a moment.
Unknown command.
Grinder comes into view.
Grinder shouts!
The orc priest miscasts a cantrip.
Natasha claws you. Natasha attacks as you move away! Natasha barely misses you.
There is a stone staircase leading up here.
Unknown command.
The bat hits you but does no damage. The orc priest hits you with a +0 club.
Natasha closely misses you. The bat hits you but does no damage.
You climb upwards.
There is a stone staircase leading down here.
Unknown command.
Unknown command.
You closely miss the orc priest. The bat closely misses you.
The orc priest hits you but does no damage.
Natasha claws you!
Unknown command.
You hit Natasha but do no damage. The bat hits you. The bat closely misses you.
The orc priest hits you with a +0 club.
* * * LOW HITPOINT WARNING * * *
Unknown command.
You barely miss Natasha. You bite Natasha, but do no damage.
The bat hits you but does no damage. Natasha claws you.
* * * LOW HITPOINT WARNING * * *
You hit Natasha. The bat misses you. The orc priest hits you with a +0 club.
* * * LOW HITPOINT WARNING * * *
Natasha barely misses you.
Unknown command.
You hit Natasha. You bite Natasha, but do no damage.
The bat hits you but does no damage.
The orc priest calls down the wrath of Beogh upon you.
Beogh smites you!
Ouch! That really hurt!
You die...

Skill      XL: |  1  2 |
---------------+-------+-----
Short Blades   | 2 3 |  3.7
Fighting       | |  1.7
Ranged Weapons | |  0.6
Throwing       | |  1.7
Dodging        | |  0.7
Stealth        | |  4.8

Action                   |  1- 3 |  4- 6 || total
-------------------------+-------+-------++-------
Melee: Dagger            |    76 |     9 ||    85
       Bite              |    19 |     3 ||    22
 Fire: Sling             |    11 |     9 ||    20
 Stab: Sleeping          |    11 |       ||    11
Armor: Robe              |    29 |     6 ||    35
Dodge: Dodged            |    36 |     7 ||    43
Block: Other             |    18 |       ||    18

Levels and vault maps discovered:
D:1:      tarquinn_simple_flora_water_b, layout_rooms
D:2:      layout_rooms, shapermc_ecumenical_altar_mp_vishouse, basic_altar,
          hangedman_decor_push, serial_park_tiny_pond, minmay_quadrilaterals
D:3:      layout_rooms, ashenzari_altar_1, portal_sewer_entry_e, serial_shops,
          shop, serial_park_tiny_2, uniq_grinder, uniq_natasha

Notes
Turn   | Place    | Note
-------+----------+-------------------------------------------
     0 | D:1      | Sobieck the Vine Stalker Brigand began the quest for the
                  | Orb.
     0 | D:1      | Reached XP level 1. HP: 11/11 MP: 2/2
   101 | D:1      | Reached skill level 2 in Short Blades
   141 | D:1      | You pick up a book of Fire and begin reading...
   141 | D:1      | You add the spells Fireball, Starburst and Ignition to your
                  | library.
   241 | D:1      | Reached XP level 2. HP: 15/15 MP: 3/3
   526 | D:2      | Reached skill level 3 in Short Blades
   706 | D:2      | Reached XP level 3. HP: 13/18 MP: 4/4
   795 | D:2      | You add the spells Ignite Poison, Mephitic Cloud and
                  | Freezing Cloud to your library.
  1168 | D:2      | Found a shimmering altar of Xom.
  1245 | D:2      | Found a faded altar of an unknown god.
  1477 | D:2      | Gained mutation: Your natural rate of healing is unusually
                  | fast. [Vine Stalker growth]
  1477 | D:2      | Reached XP level 4. HP: 23/23 MP: 5/5
  1518 | D:3      | Found a broken altar of Ashenzari.
  1640 | D:3      | Noticed Natasha
  1651 | D:3      | Noticed Grinder
  1659 | D:2      | Killed from afar by an orc priest

Vanquished Creatures
  2 adders (D:2)
  A worm (D:2)
  A dart slug (D:2)
  2 orcs (D:3)
  5 ball pythons
  8 endoplasms
  A giant cockroach (D:2)
  3 goblins (D:2)
  2 jackals (D:2)
  4 kobolds
  A quokka (D:1)
  5 bats
  A frilled lizard (D:2)
  3 rats
39 creatures vanquished.

Table legend:
 A = Non-vault XP
 B = Vault XP
 C = Vault XP percentage of total XP
 D = Non-vault monster count
 E = Vault monster count
 F = Vault count percentage of total count
                 A         B        C        D         E       F
            +---------+---------+-------+---------+---------+-------
      Total |      82 |      13 |  13.7 |      32 |       7 |  17.9
            +---------+---------+-------+---------+---------+-------
        D:1 |      20 |       0 |   0.0 |      12 |       0 |   0.0
        D:2 |      54 |      13 |  19.4 |      16 |       7 |  30.4
        D:3 |       8 |       0 |   0.0 |       4 |       0 |   0.0
            +---------+---------+-------+---------+---------+-------

Illustrated notes

Table legend:
 A = Kills in this place as a percentage of kills in entire the game.
 B = Kills by you in this place as a percentage of kills by you in the entire game.
 C = Kills by friends in this place as a percentage of kills by friends in the entire game.
 D = Other kills in this place as a percentage of other kills in the entire game.
 E = Experience gained in this place as a percentage of experience gained in the entire game.
 F = Experience gained in this place divided by the number of levels of this place that you have seen.
                   A       B       C       D       E      F
               +-------+-------+-------+-------+-------+----------------------
         Total | 100.0 | 100.0 |   N/A |   N/A | 100.0 |  31.7
       Dungeon | 100.0 | 100.0 |   N/A |   N/A | 100.0 |  31.7
               +-------+-------+-------+-------+-------+----------------------

Table legend: (Time is in decaauts)
 A = Elapsed time spent in this place.
 B = Non-inter-level travel time spent in this place.
 C = Inter-level travel time spent in this place.
 D = Time resting spent in this place.
 E = Time spent auto-exploring this place.
 F = Levels seen in this place.
 G = Mean time per level.
                   A        B        C        D        E       F      G
               +--------+--------+--------+--------+--------+-----+--------+
         Total |   1649 |   1594 |     55 |    229 |   1011 |   3 |  549.7 |
       Dungeon |   1649 |   1594 |     55 |    229 |   1011 |   3 |  549.7 |
               +--------+--------+--------+--------+--------+-----+--------+

Top non-repeatable levels by time:
     D:2: 1020 daAuts
     D:1: 486 daAuts
     D:3: 142 daAuts
